 Dungeon Crawl Stone Soup version 0.21.0 (webtiles) character file.

4069 Ghouzt the Cleaver (level 10, -1/88 HPs)
             Began as a Pale Draconian Berserker on Jan 7, 2018.
             Was a High Priest of Trog.
             Killed from afar by an electric eel (9 damage)
             ... with a bolt of electricity
             ... on level 9 of the Dungeon on Jan 8, 2018.
             The game lasted 00:27:50 (9276 turns).

Ghouzt the Cleaver (Pale Draconian Berserker)       Turns: 9276, Time: 00:27:51

Health: -1/88      AC: 10    Str: 21    XL:     10   Next: 5%
Magic:  10/10      EV: 16    Int:  6    God:    Trog [*****.]
Gold:   300        SH:  0    Dex: 12    Spells: 9/9 levels left

rFire    x . .     SeeInvis .   E - +1 war axe
rCold    + . .     Gourm    .   (no shield)
rNeg     . . .     Faith    .   (armour unavailable)
rPois    .         Spirit   .   (helmet restricted)
rElec    .         Reflect  .   l - +0 cloak
rCorr    .         Harm     .   w - +1 pair of gloves
MR       .....                  (no boots)
Stlth    +.........             (no amulet)
HPRegen  0.24/turn              x - ring of ice
MPRegen  0.12/turn              (no ring)

@: no status effects
A: breathe steam, unfitting armour, stinger 1, dopey 1, cold-blooded, AC +7
a: Breathe Steam, Berserk, Trog's Hand, Brothers in Arms, Burn Spellbooks,
Renounce Religion


You were on level 9 of the Dungeon.
You worshipped Trog.
Trog was extremely pleased with you.
You were not hungry.

You visited 2 branches of the dungeon, and saw 10 of its levels.

You collected 300 gold pieces.

Inventory:

Hand Weapons
 y - a +0 battleaxe
 E - a +1 war axe (weapon)
 F - a +0 lajatang
Armour
 l - a +0 cloak (worn)
 w - a +1 pair of gloves (worn)
 D - +0 ice dragon scales
Jewellery
 x - a ring of ice (left hand)
Wands
 k - a wand of random effects (33)
 m - a wand of polymorph (11)
 o - a wand of scattershot (6)
 p - a wand of paralysis (17)
Scrolls
 c - 4 scrolls of teleportation
 d - a scroll of magic mapping
 f - a scroll of random uselessness
 h - 5 scrolls of identify
 i - 3 scrolls of fog
 j - a scroll of noise
 v - 2 scrolls of remove curse
Potions
 a - a potion of agility {unknown}
 e - 2 potions of curing
 g - a potion of mutation
 n - a potion of lignification
 q - a potion of haste {unknown}
 r - a potion of might {unknown}
 s - a potion of magic {unknown}
 z - a potion of berserk rage {unknown}
 A - a potion of brilliance {unknown}
Books
 t - a book of Conjurations

   Spells                             Type                      Level
   a - Magic Dart                     Conjuration                  1
   b - Searing Ray                    Conjuration                  2
   c - Dazzling Spray                 Conjuration/Hexes            3
   d - Fulminant Prism                Conjuration/Hexes            4
   e - Force Lance                    Conjuration/Translocation    4
   f - Iskenderun's Mystic Blast      Conjuration                  4
   Trog disapproves of the use of such an item.
Comestibles
 b - 15 rations
 u - 5 chunks of flesh


   Skills:
 + Level 8.0 Fighting
 + Level 10.8 Axes
 + Level 7.5 Dodging


You had 9 spell levels left.
You didn't know any spells.

Dungeon Overview and Level Annotations

Branches:
Dungeon (9/15)             Temple (1/1) D:7
   Lair: D:8-11         Orc: D:9-12

Altars:
Ashenzari
Cheibriados
Dithmenos
Elyvilon
Fedhas
Gozag
Hepliaklqana
Kikubaaqudgha
Makhleb
Nemelex Xobeh
Okawaru
Qazlal
Ru
Sif Muna
Trog
Uskayaw
Vehumet
Xom
Yredelemnul
Zin
The Shining One

Shops:
D:4 :   D:6 }


Innate Abilities, Weirdness & Mutations

You can breathe blasts of scalding, opaque steam.
Your pale cyan-grey scales are hard. (AC +7)
You cannot fit into any form of body armour.
You are cold-blooded and may be slowed by cold attacks.
Your tail ends in a poisonous barb.
You are dopey. (Int -2)


Message History

The centaur wields a shortbow.
The centaur shoots an arrow.
The arrow barely misses you.
You hear a splash.
The electric eel shoots out a bolt of lightning at you!
The bolt of electricity hits you!
* * * LOW HITPOINT WARNING * * *
Found a stone staircase leading down.
The centaur shoots an arrow.
The arrow barely misses you.
The electric eel shoots out a bolt of lightning at you!
The bolt of electricity hits you!
* * * LOW HITPOINT WARNING * * *
The centaur shoots an arrow.
The arrow hits you but does no damage.
Found an escape hatch in the floor.
You see here an arrow.
The centaur shoots an arrow.
The arrow misses you.
You hear a splash.
The electric eel shoots out a bolt of lightning at you!
The bolt of electricity hits the electric eel.
The electric eel completely resists.
The bolt of electricity hits you!
You die...

≈...≈...≈.≈...≈.≈.≈.≈#
.............≈.≈...≈.#
≈...≈...≈.≈.≈.≈.≈.≈.≈#
...≈.≈.............≈.#
≈...≈.≈c≈.≈.≈.≈.≈.;.≈#
..>..................#
≈...≈.≈.≈.≈.≈.≈.≈.≈..###
.......@(...............
≈.≈.≈.;.≈.≈.≈.≈.†.≈..#.#
...≈.≈.≈.≈.≈.≈.≈.≈.≈.#.#
≈.≈.;.≈.≈.≈.≈.≈.≈.≈.....
...≈.≈.(.≈.(.≈.≈.≈.≈...#
≈.≈.≈.≈.≈.≈.≈.≈.≈.≈.≈).#
...≈.≈.≈.≈.≈.≈.≈.≈.≈.#.(
≈>≈.≈.≈.≈.≈.≈.≈.≈.≈.≈#(.
≈.≈.≈.≈.≈.#..


You could see a centaur and 2 electric eels.

Vanquished Creatures
  A two-headed ogre (D:8)
  A troll (D:5)
  A hippogriff (D:7)
  A wyvern (D:9)
  3 ice beasts
  A black bear (D:9)
  2 orc warriors
  A phantom (D:5)
  4 centaurs
  2 ogres
  2 bullfrogs
  5 scorpions
  11 killer bees (D:8)
  A howler monkey (D:4)
  An electric eel (D:9)
  3 crimson imps
  A bullfrog zombie (D:8)
  3 hounds
  An orc priest (D:7)
  A bullfrog skeleton (D:8)
  A jelly (D:5)
  A centaur skeleton (D:6)
  An iguana (D:5)
  4 orc wizards
  6 worker ants
  A worker ant zombie (D:6)
  4 adders
  4 gnolls (D:7)
  2 adder zombies
  An adder skeleton (D:5)
  A worm (D:2)
  2 dart slugs
  5 leopard geckos
  28 orcs
  7 giant cockroaches
  5 goblins
  6 hobgoblins
  6 jackals
  12 kobolds
  6 quokkas
  2 ball pythons
  6 bats
  4 frilled lizards
  A leopard gecko zombie (D:6)
  6 rats
168 creatures vanquished.

Notes
Turn   | Place    | Note
-------+----------+-------------------------------------------
     0 | D:1      | Ghouzt the Draconian Berserker began the quest for the Orb.
     0 | D:1      | Reached XP level 1. HP: 19/19 MP: 1/1
   188 | D:1      | Reached XP level 2. HP: 17/26 MP: 2/2
  1142 | D:2      | Found a basalt altar of Yredelemnul.
  1186 | D:2      | Reached XP level 3. HP: 24/33 MP: 3/3
  1333 | D:2      | Found a glowing golden altar of the Shining One.
  1381 | D:2      | Reached ** piety under Trog
  1547 | D:2      | Found an iron altar of Okawaru.
  1957 | D:3      | Reached XP level 4. HP: 40/40 MP: 4/4
  2005 | D:3      | Reached skill level 4 in Axes
  2636 | D:4      | Reached *** piety under Trog
  2653 | D:4      | Found Vulaehie's Book Emporium.
  3180 | D:4      | Reached XP level 5. HP: 46/46 MP: 5/5
  3439 | D:5      | Entered Level 5 of the Dungeon
  3466 | D:5      | Noticed an ogre
  3474 | D:5      | Killed an ogre
  3474 | D:5      | Reached skill level 5 in Axes
  3582 | D:5      | Noticed a centaur
  3582 | D:5      | Noticed a troll
  3589 | D:5      | Killed a centaur
  3589 | D:5      | Reached XP level 6. HP: 12/53 MP: 6/6
  3590 | D:5      | Killed a troll
  3590 | D:5      | Reached skill level 6 in Axes
  3590 | D:5      | Your scales start taking on a pale cyan-grey colour.
  3590 | D:5      | Reached XP level 7. HP: 14/60 MP: 7/7
  3593 | D:5      | Reached skill level 5 in Fighting
  4337 | D:5      | Reached skill level 7 in Axes
  4375 | D:5      | Reached skill level 5 in Dodging
  4822 | D:5      | Reached XP level 8. HP: 59/69 MP: 8/8
  5600 | D:6      | Reached **** piety under Trog
  6087 | D:6      | Found Wosisosch's Gadget Boutique.
  6369 | D:7      | Reached skill level 8 in Axes
  6602 | D:7      | Noticed a hippogriff
  6605 | D:7      | Gained mutation: You are dopey. (Int -2) [potion of mutation]
  6605 | D:7      | Gained mutation: Your tail ends in a poisonous barb. [potion of mutation]
  6622 | D:7      | Killed a hippogriff
  6758 | D:7      | Reached skill level 9 in Axes
  6994 | D:7      | Found a staircase to the Ecumenical Temple.
  7005 | Temple   | Entered the Ecumenical Temple
  7320 | D:8      | Reached XP level 9. HP: 70/78 MP: 9/9
  8072 | D:8      | Reached ***** piety under Trog
  8126 | D:8      | Noticed a two-headed ogre
  8135 | D:8      | Killed a two-headed ogre
  8135 | D:8      | Reached skill level 10 in Axes
  8770 | D:9      | Reached XP level 10. HP: 48/88 MP: 10/10
  9276 | D:9      | Killed from afar by an electric eel

Skill      XL: |  1  2  3  4  5  6  7  8  9 |
---------------+----------------------------+-----
Dodging        | 3 4 5 6 7 |  7.5
Fighting       | 4 5 6 8 |  8.0
Axes           | 4 5 6 7 9 10 | 10.8

Action                   |  1- 3 |  4- 6 |  7- 9 | 10-12 || total
-------------------------+-------+-------+-------+-------++-------
Melee: Hand axe          |   131 |   138 |   256 |       ||   525
       Tailslap          |    15 |    16 |    58 |       ||    89
       War axe           |       |       |   167 |     7 ||   174
Invok: Burn Spellbooks   |     1 |       |     1 |       ||     2
       Berserk           |       |     3 |     8 |       ||    11
 Abil: Breathe Steam     |       |       |     4 |       ||     4
  Use: Scroll            |       |     1 |     9 |       ||    10
       Potion            |       |       |     4 |     2 ||     6
 Stab: Sleeping          |     2 |     2 |       |       ||     4
  Eat: Chunk             |     3 |     4 |    18 |     3 ||    28
       Ration            |       |     1 |     2 |       ||     3
Armor: Skin              |    41 |    39 |   174 |     1 ||   255
Dodge: Dodged            |   111 |   115 |   280 |    10 ||   516
